[Event "4NCL Div 1 2024-25"]
[Site "England"]
[Date "2025.04.05"]
[Round "7.1"]
[White "Rendle, Thomas E"]
[Black "Harvey, Marcus R"]
[Result "0-1"]
[Annotator "TA"]
[ECO "C06"]
[WhiteElo "2383"]
[BlackElo "2491"]
[PlyCount "92"]
[EventDate "2024.11.23"]
[EventType "team-tourn"]
[EventCountry "ENG"]
[SourceTitle "playchess.com"]
[Source "ChessBase"]
[SourceQuality "1"]
[TimeControl "40/6000+30:3000+30"]

1. e4 e6 2. d4 d5 3. Nd2 Be7 4. Ngf3 Nf6 5. e5 Nfd7 6. Bd3 c5 7. c3 Nc6 8. O-O a5 9. Re1 {[%emt 0:02:15] 9.a4 is the hot move.} cxd4 10. cxd4 Qb6 $1 11. Nb1 {[%emt 0:00:47] is the legacy move (11.Qa4). C06: French Tarrasch: 3...Nf6 4 e5 Nfd7 5 Bd3 main lines.} Nxd4 12. Nxd4 Qxd4 13. Nc3 {[%emt 0:00:13] White sacrificed a pawn. The position is equal.} Qb6 14. Be3 $1 Qd8 15. Bd4 $146 (15. Qg4 O-O 16. Bh6 g6 17. Bxf8 Bxf8 18. Bb5 Bg7 19. Qd4 f6 20. Nxd5 fxe5 21. Qc4 exd5 22. Qxd5+ {1-0 Oratovsky,M (2536)-Lalic,B (2535) Salou op 06th 2004}) 15... Nc5 16. Bc2 Bd7 {[%emt 0:01:41] Against Nb5} 17. Qg4 g6 18. h4 h5 19. Qf4 Bc6 20. Rad1 Nd7 21. g3 a4 (21... g5 $15 {is more appropriate.} 22. hxg5 Bxg5) 22. Ne2 (22. Bd3 $11) 22... a3 $17 23. b3 Bf8 (23... g5 $1 $17 24. hxg5 Bxg5) 24. Qf3 {[%emt 0:02:15] [#]} (24. Qe3 $11) 24... Nc5 (24... g5 $1 $17 25. hxg5 Qxg5) 25. b4 ({White should play} 25. Rc1 $11) 25... Ba4 ({Black should play} 25... Na6 $15) 26. Bxa4+ (26. Qxa3 $2 Bxc2 27. Qb2 Bxd1 28. bxc5 Bxe2 29. Rxe2 Ra4 $19) (26. Bxg6 $1 $14 fxg6 27. bxc5 Bxd1 28. Rxd1) 26... Nxa4 $11 27. Qxa3 Bh6 28. Qd3 O-O 29. Kg2 Nb6 30. Ra1 Nc4 31. a4 $1 Qc7 32. Nc3 Rfc8 33. Nb5 Qd7 34. Qf3 Bf8 35. g4 Bxb4 {[%emt 0:00:27][%csl Oc4] Strong Square Black (c4)} 36. Rh1 Kh7 (36... Nd2 $15 37. Qd1 hxg4 38. Qxg4 Kh7) 37. gxh5 Rg8 38. Qd3 {[%emt 0:00:00] [#]} (38. Rhg1 $11 {keeps the balance.}) 38... f5 $1 $17 39. exf6 {[%emt 0:00:00][%csl Oa4,Of2,Of6,Oh4,Oh5] and Rh3 would now be decisive. White has weak pawns} e5 {[%emt 0:00:08] Dancing on a razor blade.} 40. hxg6+ $2 {[%emt 0:03:06][%mdl 8192] Loses the game.} (40. Rh3 $17 Qf5 (40... exd4 41. Rg3 $14) 41. f7) 40... Rxg6+ $19 41. Kf1 Nd2+ 42. Ke2 Qg4+ 43. f3 Qg2+ 44. Bf2 e4 45. fxe4 Qg4+ 46. Ke1 Nxe4+ {[%emt 0:00:34] Weighted Error Value: White=0.58/Black=0.18 (very precise)   Loses game:     	White=1     	---        Mistake:       	White=5     	Black=5      Inaccurate:     	White=5     	Black=3      OK:         	White=5     	Black=9      Best:        	White=4     	Black=2      Strong:       	White=2     	Black=1} (46... Qxe4+ 47. Qxe4 Nxe4+ 48. Ke2 $19) 0-1

[Event "4NCL Div 1 2024-25"]
[Site "England"]
[Date "2025.04.05"]
[Round "7.2"]
[White "Speelman, Jon S"]
[Black "Bremner, Adam"]
[Result "1-0"]
[Annotator "TA"]
[ECO "E08"]
[WhiteElo "2499"]
[BlackElo "2149"]
[PlyCount "99"]
[EventDate "2024.11.23"]
[EventType "team-tourn"]
[EventCountry "ENG"]
[SourceTitle "playchess.com"]
[Source "ChessBase"]
[SourceQuality "1"]
[TimeControl "40/6000+30:3000+30"]

1. d4 Nf6 2. c4 e6 3. g3 d5 4. Bg2 Be7 5. Nf3 O-O 6. O-O c6 7. b3 b6 8. Bb2 Bb7 9. Nc3 Nbd7 10. Qc2 Qc7 11. Rac1 {[%emt 0:04:32] E08: Closed Catalan: Main Line: 7 Qc2.} Rac8 12. Rfd1 Rfd8 13. Qb1 {[%emt 0:12:27] The position is equal.} Qb8 14. a4 $146 (14. Qa1 Bf8 15. Ne1 c5 16. cxd5 Nxd5 17. Nxd5 Bxd5 18. Bxd5 exd5 19. dxc5 Nxc5 20. Nf3 {1-0 Paravyan,D (2601)-Omelja,A (2437) Titled Tuesday intern op 11th Apr Early blitz 2023 (1)}) 14... Bb4 15. Na2 Bf8 16. b4 (16. Nc3 $11) 16... dxc4 $15 17. Rxc4 c5 {[%emt 0:00:49] [#] and ...Bd5 should not be overlooked} 18. dxc5 bxc5 19. b5 a6 20. bxa6 Bxa6 21. Rc2 Be7 22. Rcd2 Nb6 23. Be5 Qa7 24. Rxd8+ Bxd8 25. Nc3 h6 26. Nb5 Bxb5 27. axb5 (27. Qxb5 Qxa4 28. Rxd8+ Rxd8) 27... Be7 28. Ba1 $36 {[%emt 0:01:55][%mdl 2048] White has good play.} Nbd7 (28... c4 $14 {is more appropriate.}) 29. Ne5 $16 Nxe5 30. Bxe5 Qb6 31. Bc6 {[%emt 0:01:08] White is much more active. This pair of bishops is nice.} Rd8 32. Rxd8+ Bxd8 {[%emt 0:00:02] Black is weak on the light squares} 33. Qa2 Qa5 (33... Ng4 $142 34. Bd6 c4) 34. Qc4 Bb6 {[%emt 0:00:52] [#]} 35. e3 (35. Bd6 $1 $16 ) 35... Qe1+ 36. Kg2 Qb1 (36... Qd2 $14) 37. Qa4 Nd5 $2 {[%emt 0:01:21] Black cannot hold the game after this.} (37... Qf5 $16 {is a better defense.} 38. Qa8+ Kh7 39. Bxf6 Qxf6) 38. Qa8+ Kh7 39. Bxd5 exd5 40. Qxd5 Qxb5 $2 (40... Qf5 41. e4 Qg5) 41. Qxf7 $18 {[%emt 0:50:34][%csl Ge5][%cal Rf7g7][%mdl 4096] Endgame KQB-KQB. White is a pawn up.} Qc6+ 42. f3 Qg6 43. Qxg6+ Kxg6 {[%emt 0:00:51] KB-KB. White is a pawn up.} 44. e4 {[%emt 0:00:06] Hoping for Bc3.} c4 $2 (44... Ba5 45. Kf2 Kf7) 45. Bc3 {[%emt 0:00:00] White is clearly winning.} h5 46. f4 Kf7 47. Kf3 g6 48. h3 Ke6 49. g4 hxg4+ 50. hxg4 {[%emt 0:00:00] Weighted Error Value: White=0.09 (flawless) /Black=0.65  Mistake:       	White=2     	Black=6      Inaccurate:     	White=1     	Black=3      OK:         	White=15    	Black=6      Best:        	White=3     	Black=2} 1-0

[Event "4NCL Div 1 2024-25"]
[Site "England"]
[Date "2025.04.05"]
[Round "7.3"]
[White "Dobrolyubov, Alexandr K"]
[Black "Wadsworth, Matthew J"]
[Result "0-1"]
[Annotator "RC"]
[ECO "C01"]
[WhiteElo "1951"]
[BlackElo "2461"]
[PlyCount "112"]
[EventDate "2024.11.23"]
[EventType "team-tourn"]
[EventCountry "ENG"]
[SourceTitle "playchess.com"]
[Source "ChessBase"]
[SourceQuality "1"]
[TimeControl "40/6000+30:3000+30"]

1. e4 e6 2. d4 d5 3. Bd3 dxe4 4. Bxe4 Nf6 5. Bf3 c5 6. Ne2 Be7 7. Be3 O-O 8. O-O cxd4 9. Qxd4 Nc6 10. Bxc6 bxc6 11. Qxd8 Rxd8 12. c4 c5 13. f3 Ba6 14. Rc1 Rd3 15. Kf2 e5 16. Nd2 Rad8 17. Nb3 Rc8 18. Ng3 h5 19. Rc2 g6 20. Ke2 Rd7 21. Ke1 h4 22. Nf1 e4 23. f4 Ng4 24. Bg1 f5 25. g3 hxg3 26. hxg3 Kf7 27. Rd1 Rdc7 28. Ne3 Nxe3 29. Bxe3 Rh8 30. Bf2 Rh2 31. Nd2 e3 32. Bxe3 Bf6 33. Kf1 Bd4 34. Bxd4 cxd4 35. Kg1 Re2 36. Rcc1 Bb7 37. Nb3 Rg2+ 38. Kf1 Kf6 39. Rd2 Rxg3 40. Rxd4 Rh7 41. Rd6+ Ke7 42. Rd2 Rh1+ 43. Kf2 Rhh3 44. Rg1 Rg4 45. Re2+ Kf6 46. Rxg4 fxg4 47. Re3 Rh2+ 48. Kg3 Rg2+ 49. Kh4 Kf5 50. Re7 Rh2+ 51. Kg3 Rh3+ 52. Kf2 g3+ 53. Ke2 g2 54. Nd4+ Kf6 55. Re6+ Kf7 56. Kf2 Rh1 0-1

[Event "4NCL Div 1 2024-25"]
[Site "England"]
[Date "2025.04.05"]
[Round "7.4"]
[White "Haydon, David L"]
[Black "Lentzos, Ioanis"]
[Result "1/2-1/2"]
[Annotator "ChessBase"]
[ECO "A17"]
[WhiteElo "2294"]
[BlackElo "2126"]
[PlyCount "230"]
[EventDate "2024.11.23"]
[EventType "team-tourn"]
[EventCountry "ENG"]
[SourceTitle "playchess.com"]
[Source "ChessBase"]
[SourceQuality "1"]
[TimeControl "40/6000+30:3000+30"]

1. Nf3 d5 2. e3 Nf6 3. c4 e6 4. Nc3 c5 5. cxd5 Nxd5 6. Be2 Nc6 7. O-O Be7 8. Qc2 O-O 9. a3 b6 10. Rd1 Bb7 11. b3 Nxc3 12. dxc3 Qc7 13. Bb2 Bf6 14. c4 Ne5 15. Nxe5 Bxe5 16. Bxe5 Qxe5 17. Rac1 Rad8 18. Rd2 Qg5 19. Bf1 Be4 20. Qb2 Rxd2 21. Qxd2 Rd8 22. Qe1 h5 23. Rd1 Bc2 24. Rxd8+ Qxd8 25. b4 Qd1 26. Qc3 h4 27. h3 e5 28. bxc5 bxc5 29. f3 e4 30. fxe4 Bxe4 31. Qa5 Kh7 32. Qxa7 f5 33. Qc7 Qc1 34. Qf4 Bd3 35. Qxh4+ Kg6 36. Qg3+ Kh7 37. Qf4 g6 38. a4 Bxf1 39. Qxf1 Qxe3+ 40. Kh1 Qb3 41. Qf4 Qb4 42. Kh2 Kg7 43. h4 Qe1 44. h5 Qe2 45. Qg5 Qxc4 46. Qxg6+ Kh8 47. Qh6+ Kg8 48. Qg5+ Kh8 49. a5 Qd4 50. Qxf5 c4 51. Qc8+ Kh7 52. Qc7+ Kh8 53. Kh3 Qd3+ 54. Kh4 Qd4+ 55. g4 Qf6+ 56. Kg3 Qc3+ 57. Kf4 Qd2+ 58. Kf5 Qd3+ 59. Kg5 c3 60. Qe5+ Kh7 61. Qe7+ Kh8 62. a6 c2 63. Qe5+ Kh7 64. Qc7+ Kh8 65. a7 Qe3+ 66. Kh4 Qe1+ 67. Kh3 Qh1+ 68. Kg3 c1=Q 69. a8=Q+ Qxa8 70. Qxc1 Qe4 71. Qc8+ Kg7 72. Qc7+ Kg8 73. Qd8+ Kh7 74. Qf6 Qe3+ 75. Qf3 Qg1+ 76. Kh3 Qe1 77. g5 Qe6+ 78. Kh4 Qc4+ 79. Qg4 Qd5 80. Qe2 Qd4+ 81. Kg3 Qg1+ 82. Kf4 Qc1+ 83. Kf5 Qc5+ 84. Qe5 Qc8+ 85. Kf4 Qc1+ 86. Kf5 Qc8+ 87. Qe6 Qc5+ 88. Kf6 Qc3+ 89. Qe5 Qc6+ 90. Kf7 Qc4+ 91. Qe6 Qf4+ 92. Qf6 Qc4+ 93. Ke7 Qc5+ 94. Ke8 Qb5+ 95. Kf8 Qb8+ 96. Kf7 Qf8+ 97. Ke6 Qc8+ 98. Ke5 Qc5+ 99. Ke4 Qc4+ 100. Ke3 Qc1+ 101. Kf2 Qd2+ 102. Kg3 Qe3+ 103. Kh4 Qe4+ 104. Kg3 Qe3+ 105. Kg4 Qg1+ 106. Kf5 Qf1+ 107. Ke6 Qc4+ 108. Ke7 Qc5+ 109. Ke8 Qb5+ 110. Kf7 Qc4+ 111. Qe6 Qf4+ 112. Qf6 Qc4+ 113. Ke8 Qb5+ 114. Kd8 Qb8+ 115. Kd7 Qb5+ 1/2-1/2

[Event "4NCL Div 1 2024-25"]
[Site "England"]
[Date "2025.04.05"]
[Round "7.5"]
[White "Foisor, Mihaela-Veronica"]
[Black "Zhou, Yang-Fan"]
[Result "0-1"]
[Annotator "RC"]
[ECO "A36"]
[WhiteElo "2156"]
[BlackElo "2418"]
[PlyCount "98"]
[EventDate "2024.11.23"]
[EventType "team-tourn"]
[EventCountry "ENG"]
[SourceTitle "playchess.com"]
[Source "ChessBase"]
[SourceQuality "1"]
[TimeControl "40/6000+30:3000+30"]

1. c4 Nf6 2. Nc3 g6 3. g3 Bg7 4. Bg2 O-O 5. e4 d6 6. Nge2 c5 7. O-O Nc6 8. d3 Rb8 9. h3 Ne8 10. Be3 Nc7 11. d4 b5 12. dxc5 dxc5 13. cxb5 Nxb5 14. Bxc5 Nxc3 15. bxc3 Qa5 16. Bd4 Nxd4 17. cxd4 Ba6 18. Re1 Rfd8 19. Rb1 Qxa2 20. Ra1 Qc4 21. Bf1 Qc8 22. Ra4 Ra8 23. Qa1 Bb7 24. Bg2 a6 25. Qa3 e6 26. Rc1 Qd7 27. e5 Bf8 28. Qa2 Bxg2 29. Kxg2 Rdc8 30. Rxc8 Qxc8 31. Qc4 Qb7+ 32. Kg1 a5 33. Nc3 Rc8 34. Qb5 Qf3 35. Rc4 Ra8 36. Na4 Bb4 37. Qc6 Qd1+ 38. Kg2 Rd8 39. Nc3 Bxc3 40. Rxc3 Qxd4 41. Qc7 a4 42. Rf3 Rd7 43. Qc6 Ra7 44. Rf4 Qd5+ 45. Qxd5 exd5 46. Rd4 a3 47. Rd1 a2 48. Ra1 Kf8 49. Kf3 Ra3+ 0-1

[Event "4NCL Div 1 2024-25"]
[Site "England"]
[Date "2025.04.05"]
[Round "7.6"]
[White "Jackson, James P"]
[Black "Milson, Samuel A"]
[Result "1-0"]
[Annotator "RC"]
[ECO "C10"]
[WhiteElo "2373"]
[BlackElo "2069"]
[PlyCount "39"]
[EventDate "2024.11.23"]
[EventType "team-tourn"]
[EventCountry "ENG"]
[SourceTitle "playchess.com"]
[Source "ChessBase"]
[SourceQuality "1"]
[TimeControl "40/6000+30:3000+30"]

1. e4 e6 2. d4 d5 3. Nc3 Be7 4. Bd3 c5 5. e5 cxd4 6. Nce2 Nc6 7. Nf3 Qc7 8. Bf4 Bb4+ 9. Kf1 f6 10. Nexd4 Nxd4 11. Nxd4 fxe5 12. Nb5 Qe7 13. Bxe5 Ba5 14. c4 a6 15. Qh5+ Kd8 16. Nd6 Nh6 17. Bg3 Bc7 18. c5 Kd7 19. Rc1 Rf8 20. Bh4 1-0

[Event "4NCL Div 1 2024-25"]
[Site "England"]
[Date "2025.04.05"]
[Round "7.7"]
[White "Birtwistle, Nigel"]
[Black "Hunt, Harriet V"]
[Result "0-1"]
[Annotator "ChessBase"]
[ECO "B90"]
[WhiteElo "2041"]
[BlackElo "2298"]
[PlyCount "76"]
[EventDate "2024.11.23"]
[EventType "team-tourn"]
[EventCountry "ENG"]
[SourceTitle "playchess.com"]
[Source "ChessBase"]
[SourceQuality "1"]
[TimeControl "40/6000+30:3000+30"]

1. e4 c5 2. Nf3 d6 3. d4 cxd4 4. Nxd4 Nf6 5. Nc3 a6 6. Be3 e5 7. Nf3 Qc7 8. a4 h6 9. Be2 Be7 10. O-O O-O 11. Nd2 Be6 12. Bf3 Nbd7 13. Re1 Rfc8 14. a5 b5 15. axb6 Nxb6 16. Be2 a5 17. f3 d5 18. Bd3 d4 19. Nb5 Qb7 20. Bf2 Nbd7 21. Bg3 Nh5 22. f4 Nxf4 23. Bxf4 exf4 24. Kh1 Qb6 25. Nf3 Bg4 26. Qd2 Bxf3 27. gxf3 Ne5 28. Qe2 Rab8 29. c4 dxc3 30. Nxc3 Qxb2 31. Nd5 Bd8 32. Ra2 Qxe2 33. Bxe2 g5 34. h4 Rb3 35. Rf1 Rcb8 36. hxg5 hxg5 37. Rg1 Kf8 38. Kg2 g4 0-1

[Event "4NCL Div 1 2024-25"]
[Site "England"]
[Date "2025.04.05"]
[Round "7.8"]
[White "Grant, Jonathan I M"]
[Black "Dilley, Jason M"]
[Result "1/2-1/2"]
[Annotator "ChessBase"]
[ECO "A29"]
[WhiteElo "2140"]
[BlackElo "2005"]
[PlyCount "227"]
[EventDate "2024.11.23"]
[EventType "team-tourn"]
[EventCountry "ENG"]
[SourceTitle "playchess.com"]
[Source "ChessBase"]
[SourceQuality "1"]
[TimeControl "40/6000+30:3000+30"]

1. c4 e5 2. Nc3 Nf6 3. Nf3 Nc6 4. g3 g6 5. Bg2 Bg7 6. d4 exd4 7. Nxd4 O-O 8. O-O Re8 9. Nxc6 dxc6 10. Bf4 Qxd1 11. Raxd1 Be6 12. b3 Nh5 13. Bd2 Rad8 14. Na4 Bg4 15. Bg5 Rd6 16. Bf3 Bxf3 17. exf3 Bd4 18. g4 Ng7 19. Bf4 Be5 20. Be3 Ne6 21. Nc5 b6 22. Nxe6 Rexe6 23. c5 Rd5 24. Rxd5 cxd5 25. Rd1 d4 26. Bxd4 Bxd4 27. Rxd4 bxc5 28. Rc4 Ra6 29. Rxc5 Rxa2 30. Rxc7 a5 31. Kg2 a4 32. bxa4 Rxa4 33. Rc5 Kg7 34. Kg3 h6 35. h4 Ra3 36. h5 g5 37. Re5 Rb3 38. Kg2 Rb1 39. Rf5 Ra1 40. f4 Ra4 41. Kg3 f6 42. f3 Rb4 43. fxg5 fxg5 44. Kf2 Rb3 45. Ke2 Ra3 46. Rd5 Rb3 47. Rd7+ Kg8 48. Rd3 Rb4 49. Ke3 Rf4 50. Rd5 Kg7 51. Rf5 Ra4 52. Re5 Rf4 53. Re6 Ra4 54. Rg6+ Kh7 55. Rd6 Rf4 56. Rd4 Rf7 57. f4 gxf4+ 58. Rxf4 Re7+ 59. Re4 Rf7 60. Re6 Rg7 61. Kf4 Rg5 62. Re7+ Kh8 63. Re4 Kh7 64. Rd4 Kh8 65. Rd8+ Kh7 66. Rf8 Ra5 67. Rf7+ Kh8 68. Rf6 Kh7 69. Re6 Rg5 70. Re4 Kh8 71. Re5 Rg7 72. Re6 Kh7 73. Re8 Rg5 74. Rf8 Ra5 75. Rf7+ Kh8 76. Rf6 Kh7 77. Rg6 Ra4+ 78. Kg3 Ra3+ 79. Kh4 Rb3 80. Re6 Ra3 81. Re7+ Kh8 82. Re5 Kh7 83. Re4 Rb3 84. Ra4 Rc3 85. Ra7+ Kh8 86. Ra1 Kh7 87. Rg1 Ra3 88. Rg3 Ra2 89. Rb3 Ra4 90. Kg3 Ra5 91. Rb7+ Kh8 92. Kf4 Rg5 93. Re7 Rg8 94. Re5 Kh7 95. Re4 Rg5 96. Re6 Rg7 97. Rd6 Rg5 98. Rd7+ Kh8 99. Rd4 Kh7 100. Re4 Kh8 101. Ke3 Kh7 102. Rf4 Kh8 103. Re4 Kh7 104. Kf4 Kh8 105. Re5 Rg8 106. Rf5 Kh7 107. Ra5 Kh8 108. g5 Rxg5 109. Rxg5 hxg5+ 110. Kxg5 Kh7 111. h6 Kh8 112. Kg6 Kg8 113. h7+ Kh8 114. Kh6 1/2-1/2

[Event "4NCL Div 1 2024-25"]
[Site "England"]
[Date "2025.04.05"]
[Round "7.9"]
[White "Parker, Jonathan F"]
[Black "Lupulescu, Constantin"]
[Result "1/2-1/2"]
[Annotator "TA"]
[ECO "E13"]
[WhiteElo "2523"]
[BlackElo "2597"]
[PlyCount "52"]
[EventDate "2024.11.23"]
[EventType "team-tourn"]
[EventCountry "ENG"]
[SourceTitle "playchess.com"]
[Source "ChessBase"]
[SourceQuality "1"]
[TimeControl "40/6000+30:3000+30"]

1. d4 Nf6 2. c4 e6 3. Nc3 Bb4 4. Nf3 b6 5. Bg5 h6 6. Bh4 g5 7. Bg3 Ne4 8. Qc2 Bb7 9. e3 d6 10. Bd3 Bxc3+ 11. bxc3 f5 12. d5 Nd7 13. Bxe4 fxe4 14. Qxe4 Qf6 {[%emt 0:02:53] Black sacrificed a pawn Prevents Qg6+. E13: Queen's Indian/Nimzo-Indian hybrid: 4 Nc3 Bb7 5 Bg5 h6 6 Bh4 Bb4.} 15. Qxe6+ Qxe6 16. dxe6 {[%emt 0:00:05] A sharp opening} Nc5 {[%emt 0:01:06] The position is equal.} 17. O-O Bxf3 18. gxf3 Nxe6 19. Kg2 Rf8 {[%emt 0:18:44][%mdl 1024] Black has compensation.} 20. Rad1 Kd7 21. Rfe1 $146 (21. h3 Rf7 22. e4 Kc6 23. Rfe1 Raf8 24. Re3 Rg8 25. e5 Nf4+ 26. Kh2 dxe5 27. Rxe5 {½-½ Pedersen,N (2465)-Stefansson,H (2516) Copenhagen Challenge 2012 (5)}) 21... Kc6 22. Rd5 Rf7 23. e4 Raf8 24. Re3 Nf4+ {[%emt 0:02:04] Black is slightly better.} 25. Bxf4 Rxf4 26. Kg3 R8f7 {[%emt 0:02:05] Weighted Error Value: White=0.13 (very precise) /Black=0.11 (very precise)   Inaccurate:     	White=2     	Black=1      OK:         	White=3     	Black=6      Best:        	White=1     	---} 1/2-1/2

[Event "4NCL Div 1 2024-25"]
[Site "England"]
[Date "2025.04.05"]
[Round "7.10"]
[White "Kantor, Gergely"]
[Black "Merry, Alan B"]
[Result "1-0"]
[Annotator "TA"]
[ECO "D24"]
[WhiteElo "2558"]
[BlackElo "2417"]
[PlyCount "57"]
[EventDate "2024.11.23"]
[EventType "team-tourn"]
[EventCountry "ENG"]
[SourceTitle "playchess.com"]
[Source "ChessBase"]
[SourceQuality "1"]
[TimeControl "40/6000+30:3000+30"]

1. d4 Nf6 2. c4 e6 3. Nf3 d5 4. Nc3 dxc4 5. e4 b5 6. e5 $1 {[%emt 0:00:15] D24: Queen's Gambit Accepted: 3 Nf3 Nf6 4 Nc3.} Nd5 7. Nxb5 Nb6 8. Be2 {[%emt 0:00:11] White is slightly better. White is much more active.} Nc6 9. Be3 Be7 10. a3 Rb8 11. Qc2 Na5 12. Nc3 (12. Nxa7 Ba6 13. Qc3 Nb3 $11) 12... Nd5 $146 (12... Bb7 13. Rd1 Qd7 14. h4 Nd5 15. Bd2 Nb3 16. Bxc4 Nxd2 17. Qxd2 Nxc3 18. Qxc3 O-O {1-0 Fier,A (2549)-Tari,A (2623) Florianopolis op 11th 2025 (8)}) 13. Bd2 Nb3 14. Rd1 {[%emt 0:00:08] A sharp opening} Ba6 15. O-O Qd7 16. Be3 h6 (16... O-O $5) 17. Ne4 (17. Qe4 $5) 17... Qc6 18. Ng3 (18. Nfd2 $11) 18... Nxe3 (18... O-O $15) 19. fxe3 $14 O-O 20. Nh5 Na5 ({Black should try} 20... Bb5 $14) 21. b4 Nb3 22. Bd3 Bb5 $2 {[%emt 0:06:30] [#] A mistake that costs the game.} (22... Qb5 $16) 23. Be4 $1 $18 Qb6 {[%emt 0:03:36] [#]} (23... Qe8 {was worth a try.} 24. d5 f5 25. exf6 Bxf6) 24. Qf2 $1 {[%emt 0:00:26] And now Qg3 would win.} Kh8 $2 (24... f5) 25. Qg3 Rg8 26. Nh4 Bxh4 27. Qxh4 {[%emt 0:00:06][%cal Of1f6] Intending Rf6! and mate.} Be8 {[%emt 0:02:38] [#]} 28. Rf6 $1 g6 {[%emt 0:01:59] [#]} 29. Qf4 $1 {[%emt 0:00:14] Weighted Error Value: White=0.12 (very precise) /Black=0.94  Mistake:       	White=1     	Black=5      Inaccurate:     	White=3     	Black=3      OK:         	White=4     	Black=7      Best:        	White=2     	---        Strong:       	White=2     	---} 1-0

[Event "4NCL Div 1 2024-25"]
[Site "England"]
[Date "2025.04.05"]
[Round "7.11"]
[White "Panjwani, Raja"]
[Black "Royal, Shreyas"]
[Result "0-1"]
[Annotator "TA"]
[ECO "C54"]
[WhiteElo "2448"]
[BlackElo "2520"]
[PlyCount "114"]
[EventDate "2024.11.23"]
[EventType "team-tourn"]
[EventCountry "ENG"]
[SourceTitle "playchess.com"]
[Source "ChessBase"]
[SourceQuality "1"]
[TimeControl "40/6000+30:3000+30"]

1. e4 e5 2. Nf3 Nc6 3. Bc4 Bc5 4. O-O Nf6 5. d3 d6 6. c3 a5 {[%emt 0:00:24] C54: Giuoco Piano: 4 c3 Nf6, main lines with 5 d4 and 5 d3.} 7. Re1 Ba7 8. Nbd2 {[%emt 0:03:34] The main line 8.Nbd2 scores better than 8.Na3.} O-O {[%emt 0:01:45] The position is equal.} 9. h3 Be6 10. Bb5 Ne7 11. d4 Ng6 12. Nf1 c6 13. Bd3 Nh5 14. g3 Nf6 (14... Bxh3 $2 15. Ng5 Nf6 16. Nxh3 $18) 15. h4 $146 (15. Kg2 Qc8 16. h4 d5 17. exd5 Bxd5 18. c4 Bxf3+ 19. Qxf3 Bxd4 20. h5 e4 21. Bxe4 {0-1 Levine,J (2376)-Koustav,C (2546) New York 1000 GM Winter GM-B 2024 (9)}) 15... Re8 16. Ne3 Qd7 17. Bc2 h6 {[%emt 0:07:02] Dodges Ng5} 18. dxe5 Nxe5 19. Nd4 (19. Nxe5 $11 dxe5 20. Qxd7 Nxd7 21. Nf5) 19... Bh3 20. f3 d5 21. f4 Neg4 22. e5 Ne4 23. Bxe4 dxe4 {[%emt 0:00:11][%csl Oe4] Black has a strong passed pawn} 24. e6 Rxe6 25. Nxg4 {[%emt 0:00:11] Ne5 would now be deadly.} Rg6 26. Ne5 (26. Ne3 $17 Rxg3+ 27. Kf2) 26... Rxg3+ $19 {[%emt 0:00:16] Black attacks} 27. Kh2 Rg2+ {[%emt 0:00:06][%mdl 1024] Black has strong compensation.} 28. Kh1 Qd8 $40 {[%emt 0:02:29][%mdl 128] Black goes for the king.} 29. Nf5 (29. Rg1 $142 Rxg1+ 30. Qxg1) 29... Qf6 $1 30. Qh5 g6 (30... Qxf5 $2 31. Qxf5 $18) 31. Ng4 Qxf5 (31... gxh5 $2 32. Nxf6+ Kh8 33. Nxe4 $18 (33. Rxe4 $2 Rg1+ 34. Kh2 Bxf5 $19)) 32. Nxh6+ Kf8 $1 (32... Kh7 33. Qxf5 gxf5 34. Nxf7 $17) 33. Qxf5 gxf5 34. Nxf5 {[%emt 0:00:08] White is weak on the light squares} Rc2 35. Ne3 Rf2 36. Nd1 Bg2+ (36... Rf3 $1 $19 {is more deadly.} 37. f5 Bxf5) 37. Kh2 $17 Rc2 {[%emt 0:00:10] Black is much more active. The white rooks are passive.} 38. Ne3 Bxe3 39. Bxe3 Bf3+ (39... Rxb2 40. Bc5+ Ke8 41. Rab1 $18) 40. Kh3 {[%emt 0:00:04] [#]} Ke7 (40... Rxb2 41. Bc5+ Ke8 42. Rab1 $15) ({Better is} 40... Rd8 $1 $19 {[%cal Rd8d3] and ...Rd3! would now be decisive} 41. Rec1 Rxb2) 41. Rg1 (41. Rac1 $17 Rg2 (41... Rxb2 42. Rb1 $17) 42. Rg1 Rxb2 43. Rb1 Rxb1 (43... Rxa2 44. Rxb7+ Ke6 45. f5+ Kxf5 46. Rxf7+ Ke6 47. Rc7 $11) 44. Rxb1) 41... Rd8 $19 ({Resist} 41... Rxb2 42. Bd4) 42. Bd4 {[%emt 0:02:46] [#]} Rd5 (42... b6 $1 $19 43. Bxb6 Rdd2) 43. Rg5 $17 Rxg5 44. fxg5 Rxb2 {[%emt 0:00:07][%mdl 4096] Endgame KRB-KRB. Black is a pawn up.} 45. c4 Rd2 46. Bf6+ (46. Bc3 $17 {might work better.} e3 47. Bxa5 (47. Bxd2 $2 exd2 48. Kg3 d1=Q $19)) 46... Ke6 $19 47. Rb1 Kf5 48. Rb2 $2 (48. Rf1) 48... e3 {[%emt 0:02:25] Black is clearly winning.} 49. Kg3 e2 50. Kf2 Rd1 51. Bc3 Rf1+ 52. Kg3 (52. Ke3 $142 Bh5 (52... e1=R+ 53. Bxe1 Rxe1+ 54. Kxf3 $11) 53. Bxa5) 52... Bh5 (52... e1=R 53. Bxe1 Be4 54. Rf2+ (54. Bxa5 Rf3+ 55. Kh2 Kg4 $17) 54... Rxf2 55. Bxf2 $11 (55. Kxf2 Bb1 $11)) 53. Bxa5 e1=R 54. Bxe1 Rxe1 55. Rxb7 Rc1 56. Rb4 c5 57. Rb6 Rc3+ {[%emt 0:00:04] Weighted Error Value: White=0.28 (precise) /Black=0.12 (very precise)   Missed win:     	---       	Black=1      Mistake:       	White=7     	Black=2      Inaccurate:     	White=4     	Black=1      OK:         	White=19    	Black=22     Best:        	White=5     	Black=7      Strong:       	---       	Black=2} 0-1